 Dungeon Crawl Stone Soup version 0.16.1-2-g95b8d4c (webtiles) character file.

585 sugabear the Covered (level 7, 0/44 HPs)
             Began as a Gargoyle Fighter on Mar 24, 2015.
             Was an Initiate of Qazlal.
             Killed from afar by an orc wizard (7 damage)
             ... with a puff of frost
             ... on level 4 of the Dungeon.
             The game lasted 00:06:21 (3174 turns).

sugabear the Covered (Gargoyle Fighter)             Turns: 3174, Time: 00:06:22

Health: 0/44       AC: 12    Str: 21    XL:     7   Next: 37%
Magic:  7/7        EV:  8    Int:  9    God:    Qazlal [......]
Gold:   149        SH:  9    Dex:  9    Spells: 0 memorised, 6 levels left

rFire  . . .     SeeInvis .     a - +0 war axe
rCold  . . .     Clarity  .     b - +0 scale mail
rNeg   + . .     SustAb   .     c - +0 shield
rPois  ∞         Gourm    .     (no helmet)
rElec  +         Spirit   .     (no cloak)
rCorr  .         Warding  .     (no gloves)
rMut   .         Stasis   .     (no boots)
MR     .....                    (no amulet)
Stlth  ..........               (no ring)
                                (no ring)

@: not resistant to hostile enchantments, extremely unstealthy
A: negative energy resistance 1, electricity resistance, unbreathing,
petrification resistance, rot immunity, AC +4
a: Renounce Religion


You were on level 4 of the Dungeon.
You worshipped Qazlal.
Qazlal was noncommittal.
You were not hungry.

You visited 2 branches of the dungeon, and saw 6 of its levels.

You collected 149 gold pieces.

Inventory:

Hand weapons
 a - a +0 war axe (weapon)
Armour
 b - a +0 scale mail (worn)
 c - a +0 shield (worn)
 p - a cursed +0 ring mail
Jewellery
 k - an uncursed ring of see invisible {unknown}
Magical devices
 v - a wand of lightning (6)
Scrolls
 e - a scroll of magic mapping {unknown}
 g - 3 scrolls of recharging {unknown}
 h - a scroll of remove curse {unknown}
 i - a scroll of enchant armour {unknown}
 j - a scroll of teleportation {unknown}
 m - 2 scrolls of enchant weapon {unknown}
 n - 6 scrolls of identify {unknown}
Potions
 l - a potion of invisibility {unknown}
 o - 2 potions of might
 q - 2 potions of flight {unknown}
 r - a potion of berserk rage {unknown}
 s - a potion of agility {unknown}
 t - a potion of cancellation {unknown}
 u - a potion of ambrosia {unknown}
Comestibles
 d - 4 bread rations
 f - a beef jerky
 w - 3 chunks of flesh


   Skills:
 * Level 5.0 Fighting
 * Level 3.6 Axes
 + Level 5.0 Armour
 + Level 2.6 Dodging
 + Level 4.7 Shields
 * Level 0.2 Evocations


You had 6 spell levels left.
You didn't know any spells.

Dungeon Overview and Level Annotations

Branches:
Dungeon (5/15)             Temple (1/1) D:4

Altars:
Ashenzari
Cheibriados
Dithmenos
Elyvilon
Fedhas
Gozag
Kikubaaqudgha
Makhleb
Nemelex Xobeh
Okawaru
Qazlal
Ru
Sif Muna
Trog
Vehumet
Xom
The Shining One

Shops:
D:4 (


Innate Abilities, Weirdness & Mutations

You are resistant to torment.
You are immune to poison.
Your stone body is very resilient (AC +4).
You resist negative energy.
You are resistant to electric shocks.
You can survive without breathing.
You are immune to petrification.
You are immune to rotting.


Message History

* * * LOW HITPOINT WARNING * * *
The orc wizard mumbles some strange words.
The orc wizard blinks!
The orc wizard closely misses you. The orc wizard barely misses you.
The orc wizard hits you but does no damage.
There is a stone staircase leading up here.
You block the orc wizard's attack.
The orc wizard hits you but does no damage.
You block the orc wizard's attack.
You climb upwards.
There is a stone staircase leading down here.
You are too injured to fight recklessly!
You are too injured to fight recklessly!
You closely miss the orc wizard.
You hit the orc wizard but do no damage.
The orc wizard is moderately wounded.
You block the orc wizard's attack. The orc wizard barely misses you.
The orc wizard casts a spell at you. The puff of frost hits you!
You die...

###.............#######.#########
....##.##.<####............#.....
.........#...##.###........#.....
######.#..>..##.##.........#.....
#.###.......[)..............
######.# ###...)..)..............
...†...# ##.......####...#.....
.......## ##....oo..## ##†.#.....
........###.....@....## #........
######...##.....[.....# #........
# #.#..>.........<.#####...### #
#.####.......##.....##...... #
#.####............#......### #
###.##.......................#
####..<...........###.<.###...#..
†........###.....## ##...........
##..##.### #....### #...#####.#.


You could see 2 orc wizards.

Vanquished Creatures
  The ghost of sugabear the Skirmisher, an average GrFi (D:4)
  An iguana (D:4)
  A hound (D:4)
  An orc priest (D:4)
  4 worker ants
  5 gnolls
  8 adders
  A giant mite (D:3)
  2 worms
  2 oozes
  16 orcs
  10 bats
  3 giant cockroaches
  5 goblins
  7 hobgoblins
  6 kobolds
  A ball python (D:2)
  4 giant geckos
  A giant gecko zombie (D:5)
  2 giant newts (D:3)
  3 jackals (D:3)
  A quokka (D:2)
  5 rats
90 creatures vanquished.

Notes
Turn   | Place    | Note
--------------------------------------------------------------
     0 | D:1      | sugabear, the Gargoyle Fighter, began the quest for the Orb.
     0 | D:1      | Reached XP level 1. HP: 14/14 MP: 1/1
   185 | D:1      | Reached XP level 2. HP: 19/19 MP: 2/2
   415 | D:1      | Reached XP level 3. HP: 19/23 MP: 3/3
   579 | D:2      | Found an iron altar of Okawaru.
   785 | D:2      | Reached XP level 4. HP: 24/29 MP: 4/4
   845 | D:2      | Reached skill level 4 in Fighting
   864 | D:2      | Reached skill level 1 in Dodging
  1118 | D:2      | Reached XP level 5. HP: 33/33 MP: 5/5
  2016 | D:4      | Noticed sugabear's ghost (average GrFi)
  2082 | D:4      | Killed sugabear's ghost
  2082 | D:4      | Reached XP level 6. HP: 4/39 MP: 6/6
  2391 | D:4      | Found Baozax's Antique Weapon Shop.
  2455 | D:4      | Reached XP level 7. HP: 40/44 MP: 7/7
  2755 | D:4      | Found a staircase to the Ecumenical Temple.
  2822 | Temple   | Entered the Ecumenical Temple
  2856 | Temple   | Became a worshipper of Qazlal Stormbringer
  2918 | D:4      | Reached skill level 5 in Armour
  3146 | D:5      | Entered Level 5 of the Dungeon
  3159 | D:5      | Reached skill level 5 in Fighting
  3174 | D:4      | Killed from afar by an orc wizard

Action                   |  1- 3 |  4- 6 |  7- 9 || total
-------------------------+-------+-------+-------++-------
Melee: War axe           |    99 |   140 |    82 ||   321
  Use: Potion            |       |     2 |       ||     2
  Eat: Chunk             |       |     5 |     3 ||     8
